 Dungeon Crawl Stone Soup version 0.28-a0-683-ga8797d1ae1 (webtiles) character file.

Game seed: 3191765859810417225

154 pokeman the Magician (level 5, -14/29 HPs)
             Began as a Deep Elf Hedge Wizard on Oct 18, 2021.
             Killed from afar by a steam dragon (17 damage)
             ... with a ball of steam
             ... on level 4 of the Dungeon.
             The game lasted 00:10:22 (4568 turns).

pokeman the Magician (Deep Elf Hedge Wizard)        Turns: 4568, Time: 00:10:23

Health: -14/29     AC:  6    Str:  7    XL:     5   Next: 13%
Magic:  2/15       EV: 12    Int: 20    God:
Gold:   64         SH:  0    Dex: 14    Spells: 5/16 levels left

rFire   . . .      SeeInvis .   i - +3 whip (pain)
rCold   . . .      Faith    .   (no shield)
rNeg    . . .      Spirit   .   q - +0 leather armour
rPois   +          Reflect  .   s - +0 helmet
rElec   .          Harm     .   j - +0 cloak
rCorr   .          Rampage  .   n - +0 pair of gloves
Will    .....                   (no boots)
Stlth   ++........              (no amulet)
HPRegen 0.09/turn               o - ring of poison resistance
MPRegen 0.14/turn               (no ring)

@: very slightly contaminated
A: no striking features
a: no special abilities


You were on level 4 of the Dungeon.
You visited 1 branch of the dungeon, and saw 4 of its levels.

You collected 112 gold pieces.
You spent 48 gold pieces at shops.

Inventory:

Hand Weapons
 c - a +0 longbow
 i - a +3 whip of pain (weapon)
Missiles
 a - 89 arrows
 r - 19 bolts
Armour
 j - a +0 cloak (worn)
 n - a +0 pair of gloves (worn)
 q - a +0 leather armour (worn)
 s - a +0 helmet (worn)
Jewellery
 o - a ring of poison resistance (left hand)
Scrolls
 d - 2 scrolls of noise {unknown}
 e - a scroll of blinking {unknown}
 h - 2 scrolls of identify {unknown}
 k - a scroll of summoning {unknown}
 l - a scroll of enchant weapon {unknown}
 m - 2 scrolls of amnesia {unknown}
 t - a scroll of teleportation {unknown}
 u - a scroll of immolation {unknown}
Potions
 b - a potion of flight {unknown}
 f - 2 potions of attraction {unknown}
 g - 3 potions of curing
 p - a potion of brilliance {unknown}


   Skills:
 - Level 1.0 Fighting
 - Level 1.0 Armour
 - Level 3.0 Dodging
 + Level 2.6 Stealth
 * Level 6.0 Spellcasting
 + Level 2.5 Conjurations
 - Level 1.1 Summonings
 - Level 1.0 Necromancy
 - Level 1.1 Translocations
 + Level 0.5 Air Magic


You had 5 spell levels left.
You knew the following spells:

 Your Spells              Type           Power      Damage    Failure   Level
a - Magic Dart            Conj           64%        1d6       5%          1
b - Mephitic Cloud        Conj/Pois/Air  10%        N/A       30%         3
c - Call Imp              Summ           10%        N/A       14%         2
d - Blink                 Tloc           N/A        N/A       14%         2
e - Conjure Flame         Conj/Fire      11%        6-21      26%         3

Your spell library contained the following spells:

 Spells                   Type           Power      Damage    Failure   Level
 Corpse Rot               Necr/Air       18%        N/A       16%         2
 Sublimation of Blood     Necr           5%         N/A       16%         2
 Poisonous Vapours        Pois/Air       14%        N/A       21%         2
 Slow                     Hex            6%         N/A       22%         2
 Ozocubu's Armour         Ice            6%         N/A       41%         3
 Petrify                  Tmut/Erth      6%         N/A       83%         4
 Irradiate                Conj/Tmut      5%         3d15      94%         5
 Ozocubu's Refrigeration  Ice            3%         4d5       100%        7


Dungeon Overview and Level Annotations

Branches:
Dungeon (4/15)
 Temple: D:4-7

Altars:

Shops:
D:2 !

Annotations:
D:2 Loot behind rock


Message History

Press: ? - help, Shift-Dir - straight line, f/p - steam dragon
Aim: a steam dragon (lightly wounded, chance to affect: 81%)
You miscast Mephitic Cloud.
You are very lightly contaminated with residual magic.
Nothing appears to happen.
Unknown command.
Casting: Mephitic Cloud (extremely dangerous; 30% risk of failure)
Confirm with . or Enter, or press ? or * to list all spells.
The spell is extremely dangerous to cast (30% risk of failure)!
Continue anyway?
Aiming: Mephitic Cloud (extremely dangerous; 30% risk of failure)
Press: ? - help, Shift-Dir - straight line, f/p - steam dragon
Aim: a steam dragon (lightly wounded, chance to affect: 81%)
You miscast Mephitic Cloud.
Energy rips through your body!
* * * LOW HITPOINT WARNING * * *
The steam dragon barely misses you. The steam dragon claws you.
* * * LOW HITPOINT WARNING * * *
Casting: Mephitic Cloud (extremely dangerous; 30% risk of failure)
Confirm with . or Enter, or press ? or * to list all spells.
You blink.
Unknown command.
Casting: Blink (safe; 14% risk of failure)
Confirm with . or Enter, or press ? or * to list all spells.
The spell is extremely dangerous to cast (30% risk of failure)!
Continue anyway?
Aiming: Mephitic Cloud (extremely dangerous; 30% risk of failure)
Press: ? - help, Shift-Dir - straight line, f/p - steam dragon
Aim: a steam dragon (lightly wounded, chance to affect: 81%)
You miscast Mephitic Cloud.
Nothing appears to happen.
The steam dragon breathes steam at you. The ball of steam hits you.
* * * LOW HITPOINT WARNING * * *
Hit: i) +3 whip (pain)
Press: ? - help, Dir - move target, f - you, p - steam dragon
Okay, then.
You aren't carrying any items that you can evoke.
Unknown command.
Unknown command.
The steam dragon breathes steam at you. The ball of steam hits you!
Ouch! That really hurt!
You die...

#.......... #..##..####........
........... ##........###.(#...#
..........#.##......#....D..##..#
.##..###..........###..##....#...
##......)....##...####.#.........
##.#.........#.....###.....#.....
...##...#.............<..#####...
..## #..........##.....#..# #...
### ..........@§§D..#...# #### #
.......§§§§....##.## #
........§......##.# #
.............##### #
........#..### # ##.....###..#
#.###.. ....# .. ### ......
.##....#


There were no monsters in sight!

Vanquished Creatures
  3 adders
  An ufetubus (D:4)
  2 worms
  6 dart slugs
  3 orcs
  7 ball pythons
  7 endoplasms
  5 giant cockroaches
  15 goblins
  8 hobgoblins
  3 quokkas
  6 bats
  A frilled lizard (D:1)
  7 kobolds
  4 rats
78 creatures vanquished.

Vanquished Creatures (collateral kills)
  Robin (D:3)
  An orc (D:3)
  A hobgoblin (D:3)
3 creatures vanquished.

Vanquished Creatures (others)
  A demonic plant (D:2)
  3 plants (D:3)
4 creatures vanquished.

Grand Total: 85 creatures vanquished

Notes
Turn   | Place    | Note
-------+----------+-------------------------------------------
     0 | D:1      | pokeman the Deep Elf Hedge Wizard began the quest for the
                  | Orb.
     0 | D:1      | Reached XP level 1. HP: 10/10 MP: 7/7
   230 | D:1      | Reached XP level 2. HP: 16/16 MP: 5/9
   647 | D:1      | Reached skill level 5 in Spellcasting
   915 | D:2      | Reached XP level 3. HP: 13/20 MP: 9/11
   927 | D:2      | Learned a level 3 spell: Mephitic Cloud
   930 | D:2      | Learned a level 2 spell: Call Imp
   933 | D:2      | Learned a level 2 spell: Blink
   937 | D:2      | Learned a level 3 spell: Conjure Flame
  1115 | D:2      | Found Notifrug's Distillery.
  1237 | D:2      | Bought a potion of curing for 36 gold pieces
  1259 | D:2      | Reached skill level 1 in Armour
  1606 | D:2      | Found a faded altar of an unknown god.
  1606 | D:2      | Noticed a hellion
  1901 | D:2      | Bought a potion of degeneration for 12 gold pieces
  1929 | D:3      | Noticed Robin
  2046 | D:3      | Reached skill level 1 in Fighting
  2198 | D:3      | Reached XP level 4. HP: 25/25 MP: 10/13
  2677 | D:3      | Killed Robin
  2856 | D:3      | Reached skill level 1 in Necromancy
  3635 | D:4      | Reached skill level 6 in Spellcasting
  3635 | D:4      | Reached XP level 5. HP: 29/29 MP: 7/15
  4041 | D:4      | Noticed a steam dragon
  4568 | D:4      | Killed from afar by a steam dragon

Illustrated notes

Levels and vault maps discovered:
D:1:      lightli_arrival_lavapool, layout_rooms, nrook_campfire
D:2:      layout_rooms, serial_shops, shop, serial_glass, glass_columns_c,
          glass_columns_b, glass_columns_a, glass_columns_a, feat_on_display,
          due_unseen_surprise, minmay_strange_pillars,
          dreamdust_ecumenical_altar_sealed_demon, chequers_jeans, minmay_vboxes
D:3:      layout_loops_ring, serial_forest, infiniplex_forest_diagonal,
          infiniplex_forest_zigzag_1, infiniplex_forest_corner_2,
          infiniplex_forest_lined_ring, infiniplex_forest_lined_ring,
          infiniplex_forest_lined_room_3, infiniplex_forest_zigzag_1,
          infiniplex_forest_straight_1, infiniplex_forest_split, uniq_robin
D:4:      layout_cave_pools

Skill      XL: |  1  2  3  4 |
---------------+-------------+-----
Spellcasting   | 5 6 |  6.0
Armour         | 1 |  1.0
Conjurations   | 2 |  2.5
Fighting       | 1 |  1.0
Dodging        | 3 |  3.0
Necromancy     | 1 |  1.0
Stealth        | |  2.6
Summonings     | |  1.1
Translocations | |  1.1
Air Magic      | |  0.5

Action                   |  1- 3 |  4- 6 || total
-------------------------+-------+-------++-------
Melee: Whip              |    22 |    23 ||    45
 Cast: Magic Dart        |   112 |   104 ||   216
       Mephitic Cloud    |     1 |     5 ||     6
       Call Imp          |       |     1 ||     1
       Blink             |       |     4 ||     4
       Conjure Flame     |       |     2 ||     2
 Stab: Sleeping          |     1 |     1 ||     2
Armor: Robe              |    10 |       ||    10
       Leather armour    |     1 |    10 ||    11
Dodge: Dodged            |    31 |    23 ||    54

Table legend: (Time is in decaauts)
 A = Elapsed time spent in this place.
 B = Non-inter-level travel time spent in this place.
 C = Inter-level travel time spent in this place.
 D = Time resting spent in this place.
 E = Time spent auto-exploring this place.
 F = Levels seen in this place.
 G = Mean time per level.
                   A        B        C        D        E       F      G
               +--------+--------+--------+--------+--------+-----+--------+
         Total |   4573 |   4401 |    172 |    558 |   3174 |   4 | 1143.2 |
       Dungeon |   4573 |   4401 |    172 |    558 |   3174 |   4 | 1143.2 |
               +--------+--------+--------+--------+--------+-----+--------+

Top non-repeatable levels by time:
     D:3: 1853 daAuts
     D:2: 1144 daAuts
     D:1: 858 daAuts
     D:4: 717 daAuts
